 Dungeon Crawl Stone Soup version 0.14.0-25-g43f8a4e (webtiles) character file.

154459 Gravenous the Gelid (level 17, -12/112 HPs)
             Began as an Octopode Ice Elementalist on Apr 22, 2014.
             Mangled by an Executioner (30 damage)
             ... on Level 1 of the Abyss on Apr 24, 2014.
             The game lasted 02:35:46 (44371 turns).

Gravenous the Gelid (Octopode Ice Elementalist)    Turns: 44371, Time: 02:35:47

HP -12/112       AC  3     Str 12 (13) XL: 17   Next: 30%
MP  20/36        EV 14     Int 21 (22) God:
Gold 996         SH 28     Dex 14      Spells:  6 memorised, 23 levels left

rFire  + + .     SeeInvis +     c - +7,+2 war axe of Akhlyed {speed, rF+}
rCold  + + .     Clarity  .     Q - +5 shield of Resistance {rF+ rC+ MR+}
rNeg   + . .     Conserve .     v - +2 hat
rPois  +         rCorr    .     b - amulet of warding
rElec  .         rRot     .     z - ring of see invisible
SustAb . .       Spirit   .     A - +5 ring of strength
rMut   .         Warding  +     B - ring of ice
Saprov . . .     Stasis   .     L - ring of sustenance
MR     ++...                    i - ring of wizardry
                                C - ring of regeneration
                                q - ring of poison resistance
                                I - ring of protection from fire

@: repel missiles, about to teleport, very resistant to hostile enchantments,
very stealthy
A: almost no armour, amphibious, 8 rings, constrict 8, camouflage 1, gelatinous
body 1
a: no special abilities
}: 1/15 runes: serpentine


You were on level 1 of the Abyss.
You were not hungry.

You visited 5 branches of the dungeon, and saw 28 of its levels.
You visited the Abyss 1 time.

You collected 2320 gold pieces.
You spent 1324 gold pieces at shops.

Inventory:

Hand weapons
 c - the +7,+2 war axe of Akhlyed (weapon) {speed, rF+}
   (You took it off a naga on level 5 of the Lair of Beasts)

   Attacks with this weapon are significantly faster.
   It protects you from fire.
 E - a +1,+1 morningstar of protection
Armour
 v - a +2 hat (worn)
 Q - the +5 shield of Resistance (worn) {rF+ rC+ MR+}
   (You acquired it on level 2 of the Snake Pit)

   It protects you from fire.
   It protects you from cold.
   It affects your resistance to hostile enchantments.
Magical devices
 f - a wand of lightning (8)
 j - a wand of disintegration (13)
 m - a wand of paralysis (14)
 t - a wand of draining (0)
 x - a wand of heal wounds (5)
 y - a wand of draining (4)
 F - a wand of disintegration (13)
 G - a wand of invisibility (1)
 K - a wand of disintegration (7)
 N - a wand of disintegration (10)
 P - a wand of digging (14)
 R - a wand of flame (10)
 T - a wand of teleportation (2)
Comestibles
 D - a royal jelly
 O - 6 snozzcumbers
 S - 6 lemons
Scrolls
 e - 5 scrolls of remove curse
 g - a scroll of fog
 h - 3 scrolls of identify
 k - 3 scrolls of vulnerability
 l - a scroll of blinking
 o - a scroll of recharging
 r - a scroll of amnesia
Jewellery
 b - an amulet of warding (around mantle)
 i - a ring of wizardry (on tentacle)
 q - a ring of poison resistance (on tentacle)
 z - a ring of see invisible (left tentacle)
 A - a +5 ring of strength (right tentacle)
 B - a ring of ice (on tentacle)
 C - a ring of regeneration (on tentacle)
 I - a ring of protection from fire (on tentacle)
 L - a ring of sustenance (on tentacle)
Potions
 p - a potion of haste
 s - 3 potions of curing
 u - 2 potions of magic
 w - a potion of might


   Skills:
 - Level 9.1 Fighting
 - Level 6.0 Dodging
 - Level 6.1 Stealth
 - Level 11.0 Shields
 + Level 12.6 Spellcasting
 * Level 15.4 Conjurations
 - Level 5.0 Charms
 * Level 15.6 Ice Magic


You had 23 spell levels left.
You knew the following spells:

 Your Spells              Type           Power        Failure   Level  Hunger
a - Freeze                Ice            ####         0%          1    None
b - Throw Frost           Conj/Ice       ######       0%          2    None
c - Throw Icicle          Conj/Ice       #######.     1%          4    None
d - Ozocubu's Armour      Chrm/Ice       ######....   1%          3    None
e - Freezing Cloud        Conj/Ice/Air   ######....   4%          6    #####..
f - Repel Missiles        Chrm/Air       ###...       1%          2    None


Dungeon Overview and Level Annotations

Branches:
Dungeon (10/15)            Temple (0/1) D:4             Orc (4/4) D:10
    Elf (1/3) Orc:3          Lair (8/8) D:8          Shoals (0/5) Lair:4
  Snake (5/5) Lair:5        Slime (0/6) Lair:6

Altars:
Ashenzari
Cheibriados
Okawaru
Zin
Jiyva

Shops:
Orc:1 ::   Orc:3 }   Orc:4 [*%*[   Snake:2 ((:[*

Annotations:
D:3 Sigmund
Elf:1 Louise
Snake:3 Wiglaf


Innate Abilities, Weirdness & Mutations

You cannot wear most types of armour.
You are amphibious.
You can wear up to eight rings at the same time.
You can use your tentacles to constrict many enemies at once.
Your skin changes colour to match your surroundings (Stlth).
Your rubbery body absorbs attacks (AC +1).


Message History

The Executioner completely misses you. You block the Executioner's attack.
The Executioner hits you!
* * * LOW HITPOINT WARNING * * *
The Executioner hits you.
* * * LOW HITPOINT WARNING * * *
Unknown command.
The Executioner gestures at you. You resist with significant effort.
The Executioner gestures at you. Pain shoots through your body!
* * * LOW HITPOINT WARNING * * *
Evoke which item? (* to show all) (? for menu, Esc to quit)
Zapping:
x - a wand of heal wounds (6)
Press: ? - help, Shift-Dir - straight line, f - you You feel much better.
This wand has 5 charges left.
The Executioner hits you!
* * * LOW HITPOINT WARNING * * *
The Executioner hits you.
* * * LOW HITPOINT WARNING * * *
You block the Executioner's attack. The Executioner hits you!
You die...

. .# ### .# .. . ..#
. #. ##. ..# .#. .. #
## ####..####. .# #.
## ......#.#..##...#
##..####.. #..##@...#
#......##...#..1#..##
. .Z.......#....#..#
. #... ###
.#5###.##.# ##.#. ..
#.#.# .# #
#..#.##....#.# #
##....#####.##
..>.#..1 .. .# ..
##...##..# #


You could see an Executioner and an iron imp.

Vanquished Creatures
  Kirke (Elf:1)
  Donald (Snake:3)
  5 greater nagas
  A stone giant (Orc:4)
  3 hydras
  10 anacondas
  19 naga warriors
  4 ogre magi (Orc:4)
  Nessos (Snake:1)
  6 naga sharpshooters
  8 shock serpents
  6 death yaks (Lair:6)
  2 thrashing horrors (Abyss:1)
  2 centaur warriors (D:9)
  4 salamander mystics
  9 sea snakes (Snake:5)
  2 naga ritualists
  A large abomination (Abyss:1)
  A deep elf summoner (Elf:1)
  A hill giant (D:9)
  2 deep elf conjurers (Elf:1)
  4 mana vipers
  A manticore (Lair:8)
  19 salamanders
  2 griffons
  12 guardian serpents
  5 elephants
  A worldbinder (Abyss:1)
  34 black mambas
  19 naga magi
  17 spiny frogs
  Psyche (D:10)
  An item mimic (Orc:1)
  2 deep elf priests (Elf:1)
  An ancient zyme (Abyss:1)
  A fire drake (Lair:8)
  A troll (D:9)
  13 two-headed ogres (Orc:4)
  2 blink frogs (Lair:8)
  4 komodo dragons
  6 basilisks
  3 deep elf magi
  4 sharks
  38 yaks
  2 hill giant zombies (D:10)
  A wraith (D:9)
  16 hippogriffs
  7 wargs
  10 wolves
  4 deep elf fighters
  Edmund (D:5)
  A hog (Elf:1)
  A hungry ghost (D:10)
  82 nagas
  30 water moccasins
  3 ice beasts
  An orange crystal statue (Snake:5)
  A yellow wasp (D:10)
  2 small abominations (Abyss:1)
  12 orc warriors
  2 sky beasts
  9 porcupines
  2 giant goldfish
  29 ogres
  A black bear (D:7)
  3 centaurs (D:10)
  10 crocodiles
  22 giant frogs
  2 boring beetles
  16 giant slugs
  4 wights (D:10)
  A wyvern skeleton (D:9)
  2 scorpions
  7 electric eels
  10 killer bees
  4 crimson imps
  A quasit (D:8)
  3 goliath beetles
  9 orc priests
  A centaur zombie (D:8)
  A giant frog zombie (D:7)
  A jelly (D:7)
  4 big fish
  7 hounds
  Crazy Yiuf (D:7)
  25 orc wizards
  6 iguanas
  5 worker ants
  A killer bee zombie (D:7)
  11 sheep
  A hound skeleton (D:5)
  An orc zombie (D:10)
  24 adders
  5 giant mites
  2 orc skeletons
  43 green rats
  An inept feature mimic (D:2)
  3 shadow imps
  6 worms
  An adder zombie (D:7)
  3 giant eyeballs
  9 giant geckos
  88 orcs
  3 ball pythons
  21 bats
  8 giant cockroaches
  19 goblins
  16 hobgoblins
  23 jackals
  9 quokkas
  2 giant newts (D:2)
  A hobgoblin skeleton (D:4)
  12 kobolds
  A kobold zombie (D:7)
  32 rats
  A rat skeleton (D:8)
  A fungus (Lair:8)
990 creatures vanquished.

Vanquished Creatures (others)
  A black mamba (Snake:1)
  A human (Elf:1)
  An electric eel (Lair:6)
  14 fungi
  7 plants
24 creatures vanquished.

Grand Total: 1014 creatures vanquished

Notes
Turn   | Place    | Note
--------------------------------------------------------------
     0 | D:1      | Gravenous, the Octopode Ice Elementalist, began the quest for the Orb.
     0 | D:1      | Reached XP level 1. HP: 11/11 MP: 3/3
   164 | D:1      | Reached XP level 2. HP: 12/17 MP: 2/4
   264 | D:1      | Learned a level 2 spell: Throw Frost
   730 | D:2      | Reached XP level 3. HP: 18/21 MP: 4/6
  1072 | D:2      | Reached XP level 4. HP: 20/27 MP: 1/8
  1334 | D:2      | Reached skill level 4 in Ice Magic
  1475 | D:3      | Noticed Sigmund
  2200 | D:4      | Reached XP level 5. HP: 28/31 MP: 6/11
  2676 | D:4      | Learned a level 4 spell: Throw Icicle
  2786 | D:4      | Reached skill level 1 in Shields
  3068 | D:4      | Found a staircase to the Ecumenical Temple.
  3350 | D:5      | Entered Level 5 of the Dungeon
  3355 | D:5      | Reached XP level 6. HP: 36/36 MP: 10/13
  3363 | D:5      | Noticed a sky beast
  3439 | D:5      | Killed a sky beast
  3439 | D:5      | Reached skill level 5 in Ice Magic
  3773 | D:5      | Noticed Edmund
  3791 | D:5      | Killed Edmund
  3791 | D:5      | Reached XP level 7. HP: 41/41 MP: 2/15
  3941 | D:5      | Got a brightly glowing spear
  4064 | D:5      | Identified the +2,+2 spear "Ghupiofu" {freeze, -Tele rPois Str+2} (You found it on level 5 of the Dungeon)
  4637 | D:7      | Noticed Crazy Yiuf
  4652 | D:7      | Killed Crazy Yiuf
  4652 | D:7      | Reached skill level 6 in Ice Magic
  4714 | D:7      | Noticed a hippogriff
  4728 | D:7      | Killed a hippogriff
  4728 | D:7      | Reached skill level 5 in Conjurations
  4728 | D:7      | Reached XP level 8. HP: 35/46 MP: 1/18
  4970 | D:7      | Noticed a basilisk
  4985 | D:7      | Killed a basilisk
  4985 | D:7      | Reached skill level 7 in Ice Magic
  5204 | D:7      | Noticed a yak
  5205 | D:7      | Noticed a yak
  5206 | D:7      | Noticed a yak
  5218 | D:7      | Noticed a yak
  5223 | D:7      | Killed a yak
  5227 | D:7      | Noticed a yak
  5227 | D:7      | Killed a yak
  5229 | D:7      | Killed a yak
  5229 | D:7      | Reached skill level 5 in Spellcasting
  5229 | D:7      | Reached XP level 9. HP: 44/51 MP: 8/21
  5230 | D:7      | Killed a yak
  5230 | D:7      | Reached skill level 8 in Ice Magic
  5233 | D:7      | Killed a yak
  6357 | D:8      | Found a staircase to the Lair.
  6366 | Lair:1   | Entered Level 1 of the Lair of Beasts
  6534 | Lair:1   | Reached skill level 9 in Ice Magic
  6586 | Lair:1   | Reached XP level 10. HP: 54/56 MP: 3/23
  6964 | Lair:1   | Noticed a spiny frog
  7167 | Lair:1   | Killed a spiny frog
  7167 | Lair:1   | Reached skill level 1 in Fighting
  7615 | Lair:2   | Found a dark tunnel.
  8448 | Lair:2   | Reached skill level 5 in Fighting
  8738 | Lair:2   | Reached XP level 11. HP: 72/72 MP: 13/26
 10330 | Lair:3   | Reached skill level 5 in Dodging
 10532 | Lair:3   | Noticed a four-headed hydra
 10594 | Lair:3   | Killed a four-headed hydra
 10796 | Lair:4   | Found a staircase to the Shoals.
 11786 | Lair:5   | Found a staircase to the Snake Pit.
 11817 | Lair:4   | Reached XP level 12. HP: 52/84 MP: 4/29
 12019 | Lair:5   | Got an ichor-stained war axe
 12020 | Lair:5   | Identified the +7,+2 war axe of Akhlyed {speed, rF+} (You took it off a naga on level 5 of the Lair of Beasts)
 13026 | Lair:1   | Learned a level 3 spell: Ozocubu's Armour
 13064 | Lair:1   | Got a slimy quarterstaff
 13065 | Lair:1   | Identified the cursed +2,-1 quarterstaff of Revolt {freeze, +Rage rN+ Str+1} (You found it on level 1 of the Lair of Beasts)
 13436 | Lair:6   | Found a viscous altar of Jiyva.
 13436 | Lair:6   | Found a staircase to the Slime Pits.
 13506 | Lair:6   | Found a shattered altar of Ashenzari.
 13578 | Lair:6   | Reached skill level 10 in Ice Magic
 14010 | Lair:5   | Noticed a four-headed hydra
 14013 | Lair:5   | Killed a four-headed hydra
 14691 | Lair:6   | Reached skill level 10 in Conjurations
 15335 | Lair:6   | Noticed a death yak
 15336 | Lair:6   | Noticed a death yak
 15336 | Lair:6   | Noticed a death yak
 15378 | Lair:6   | Reached skill level 5 in Stealth
 15522 | Lair:6   | Noticed a death yak
 15523 | Lair:6   | Noticed a death yak
 15523 | Lair:6   | Noticed a death yak
 15543 | Lair:6   | Killed a death yak
 15685 | Lair:6   | Killed a death yak
 15798 | Lair:6   | Killed a death yak
 16005 | Lair:6   | Killed a death yak
 16005 | Lair:6   | Reached skill level 11 in Ice Magic
 16181 | Lair:6   | Killed a death yak
 16364 | Lair:6   | Killed a death yak
 16364 | Lair:6   | Reached XP level 13. HP: 90/90 MP: 1/30
 18319 | Lair:7   | Reached skill level 10 in Spellcasting
 18861 | Lair:8   | Entered Level 8 of the Lair of Beasts
 19507 | Lair:8   | Reached skill level 12 in Ice Magic
 21962 | D:8      | Found a snail-covered altar of Cheibriados.
 22064 | D:8      | Found a glowing silver altar of Zin.
 22065 | D:8      | Noticed an angel
 23349 | D:10     | Entered Level 10 of the Dungeon
 23592 | D:10     | Reached XP level 14. HP: 97/97 MP: 2/32
 23761 | D:10     | Found a staircase to the Orcish Mines.
 23831 | Orc:1    | Entered Level 1 of the Orcish Mines
 23831 | Orc:1    | Found Untecrea's Book Shop.
 23891 | Orc:1    | Found Quceusoe's Book Emporium.
 24506 | Orc:3    | Found Geasukkise's Gadget Emporium.
 25376 | Orc:3    | Reached skill level 13 in Ice Magic
 25955 | Orc:4    | Entered Level 4 of the Orcish Mines
 26105 | Orc:4    | Found an iron altar of Okawaru.
 26320 | Orc:3    | Found a staircase to the Elven Halls.
 27715 | Orc:4    | Found Apriox's Food Shoppe.
 27715 | Orc:4    | Found Pnuohied's Armour Boutique.
 27793 | Orc:4    | Found Girul's Assorted Antiques.
 27793 | Orc:4    | Found Tyodog's Assorted Antiques.
 27833 | Orc:4    | Bought a scroll labeled IJANACKIGEO for 20 gold pieces
 27833 | Orc:4    | Bought a scroll labeled ZOETUY MIYDI for 20 gold pieces
 27927 | Orc:4    | Found Strynaco's Antique Armour Shop.
 27934 | Orc:4    | Noticed a stone giant
 28161 | Orc:4    | Killed a stone giant
 28577 | Orc:1    | Bought the Reference Book on Glacial Confrontation for 724 gold pieces
 28585 | Orc:1    | Learned a level 6 spell: Freezing Cloud
 28594 | Orc:1    | Bought a book of Air for 560 gold pieces
 28598 | Orc:1    | Learned a level 2 spell: Repel Missiles
 28734 | D:10     | Noticed Psyche
 28736 | D:10     | Killed Psyche
 29640 | Snake:1  | Entered Level 1 of the Snake Pit
 30280 | Snake:1  | Reached skill level 14 in Ice Magic
 30578 | Snake:1  | Noticed Nessos
 30604 | Snake:1  | Killed Nessos
 31353 | Snake:2  | Reached XP level 15. HP: 101/101 MP: 19/34
 31434 | Snake:2  | Found Iquphi's Book Shoppe.
 31451 | Snake:2  | Found Yharium's Antique Armour Emporium.
 31526 | Snake:2  | Found Ukkexaka's Antique Weapon Boutique.
 31614 | Snake:2  | Found Psovuax's Weapon Emporium.
 32299 | Snake:2  | You fall through a shaft for 2 floors!
 33316 | Snake:2  | Found Ecadumm's General Store.
 33670 | Snake:3  | Noticed Donald
 33671 | Snake:3  | Reached skill level 5 in Shields
 33675 | Snake:3  | Killed Donald
 33990 | Snake:3  | Noticed Wiglaf
 35616 | Snake:4  | Noticed a greater naga
 35621 | Snake:4  | Killed a greater naga
 36034 | Snake:5  | Entered Level 5 of the Snake Pit
 36462 | Snake:5  | Reached skill level 10 in Shields
 36690 | Snake:5  | Reached XP level 16. HP: 108/108 MP: 22/34
 37236 | Snake:5  | Reached skill level 1 in Charms
 39022 | Snake:5  | Reached skill level 5 in Charms
 40098 | Snake:5  | Noticed a greater naga
 40112 | Snake:5  | Killed a greater naga
 41159 | Snake:5  | Reached skill level 15 in Ice Magic
 42094 | Snake:5  | Noticed a greater naga
 42180 | Snake:5  | Killed a greater naga
 42180 | Snake:5  | Reached skill level 15 in Conjurations
 42180 | Snake:5  | Reached XP level 17. HP: 88/112 MP: 18/36
 42264 | Snake:5  | Noticed a greater naga
 42754 | Snake:5  | Killed a greater naga
 42974 | Snake:5  | Noticed a greater naga
 42991 | Snake:5  | Killed a greater naga
 43154 | Snake:5  | Got a serpentine rune of Zot
 43431 | Lair:1   | Upgraded the game from 0.14.0-24-gfb45beb to 0.14.0-25-g43f8a4e
 43610 | Elf:1    | Entered Level 1 of the Elven Halls
 43904 | Elf:1    | Noticed Kirke
 43911 | Elf:1    | Killed Kirke
 43957 | Elf:1    | Noticed Louise
 43987 | Elf:1    | Cast into the Abyss (Louise)
 44371 | Abyss:1  | Mangled by an Executioner

Action                   |  1- 3 |  4- 6 |  7- 9 | 10-12 | 13-15 | 16-18 || total
-------------------------+-------+-------+-------+-------+-------+-------++-------
Melee: Unarmed           |     6 |     7 |       |       |       |       ||    13
       Dagger            |       |    32 |    34 |     2 |       |       ||    68
       Hammer            |       |       |    65 |    82 |       |       ||   147
       Morningstar       |       |       |       |   123 |    73 |       ||   196
       War axe           |       |       |       |       |   165 |    13 ||   178
 Cast: Freeze            |    41 |    91 |    47 |    77 |    30 |    13 ||   299
       Throw Frost       |     1 |    25 |    12 |    51 |   203 |     7 ||   299
       Throw Icicle      |       |       |    49 |   269 |   564 |   298 ||  1180
       Freezing Cloud    |       |       |       |       |    49 |    55 ||   104
       Repel Missiles    |       |       |       |       |     5 |     3 ||     8
       Ozocubu's Armour  |       |       |       |       |     1 |       ||     1
Evoke: Wand              |       |     2 |    11 |    10 |    14 |     6 ||    43
  Use: Potion            |       |     6 |       |     9 |     4 |     3 ||    22
       Scroll            |       |       |    10 |    16 |    21 |     3 ||    50
 Stab: Sleeping          |       |     3 |     3 |     5 |    10 |       ||    21
